 Dungeon Crawl Stone Soup version 0.25.1-1-g288607f (webtiles) character file.

Game seed: 10296017471363392306

118 Jonnyslop the Firebug (level 4, -4/33 HPs)
             Began as a Draconian Fire Elementalist on July 22, 2020.
             Killed by divine providence
             ... invoked by an orc priest
              (12 damage)
             ... on level 3 of the Dungeon.
             The game lasted 00:07:40 (2241 turns).

Jonnyslop the Firebug (Draconian Fire Elementalist) Turns: 2241, Time: 00:07:40

Health: -4/33      AC:  6    Str: 10    XL:     4   Next: 72%
Magic:  10/17      EV: 12    Int: 17    God:
Gold:   91         SH:  0    Dex: 11    Spells: 1/9 levels left

rFire    . . .     SeeInvis .   q - +1 short sword (elec)
rCold    . . .     Gourm    .   (no shield)
rNeg     . . .     Faith    .   (armour unavailable)
rPois    .         Spirit   .   (helmet restricted)
rElec    .         Reflect  .   p - +0 cloak
rCorr    .         Harm     .   (no gloves)
MR       .....                  (no boots)
Stlth    +.........             (no amulet)
HPRegen  0.11/turn              a - ring of magical power
MPRegen  0.15/turn              c - ring of attention (curse)

@: very slightly contaminated
A: unfitting armour, cold-blooded, AC +5
a: no special abilities


You were on level 3 of the Dungeon.
You were not hungry.

You visited 1 branch of the dungeon, and saw 3 of its levels.

You collected 91 gold pieces.

Inventory:

Hand Weapons
 q - a +1 short sword of electrocution (weapon)
Missiles
 m - 10 poisoned darts (quivered)
Armour
 p - a +0 cloak (worn)
Jewellery
 a - a ring of magical power (left hand)
 c - a cursed ring of attention (right hand)
 j - an uncursed ring of protection from fire
Wands
 l - a wand of clouds (2)
Scrolls
 k - a scroll of blinking
 n - 2 scrolls of identify
Potions
 e - a potion of might
 h - a potion of invisibility
 i - a potion of stabbing
 o - a potion of mutation
Comestibles
 b - 3 rations
 d - a chunk of flesh


   Skills:
 - Level 1.7 Dodging
 - Level 1.7 Stealth
 + Level 0.2 Unarmed Combat
 + Level 3.2 Spellcasting
 + Level 1.5 Conjurations
 + Level 4.4 Fire Magic


You had one spell level left.
You knew the following spells:

 Your Spells              Type           Power        Failure   Level  Hunger
a - Foxfire               Conj/Fire      ##..         4%          1    None
b - Conjure Flame         Conj/Fire      ##......     14%         3    ###....
c - Sticky Flame          Conj/Fire      ##......     43%         4    ####...

Your spell library contained the following spells:

 Spells                   Type           Power        Failure   Level  Hunger
 Inner Flame              Hex/Fire       ##......     21%         3    ###....
 Fireball                 Conj/Fire      ##........   80%         5    ######.


Dungeon Overview and Level Annotations

Branches:
Dungeon (3/15)

Altars:
Ashenzari
Zin


Innate Abilities, Weirdness & Mutations

Your plain brown scales are hard. (AC +5)
You cannot fit into any form of body armour.
You are cold-blooded and may be slowed by cold attacks.


Message History

The orc priest hits you but does no damage.
Casting: Foxfire (safe; 4% risk of failure)
Confirm with . or Enter, or press ? or * to list all spells.
You don't know that spell.
The foxfire hits the orc priest but does no damage.
The orc priest is moderately wounded.
The foxfire hits the orc priest.
The orc priest is heavily wounded.
The orc priest invokes the aid of Beogh against you.
Pain shoots through your body!
* * * LOW HITPOINT WARNING * * *
The giant cockroach misses you.
You feel better.
The giant cockroach bites you but does no damage.
Casting: Foxfire (safe; 4% risk of failure)
Confirm with . or Enter, or press ? or * to list all spells.
You conjure some foxfire!
The orc priest mumbles some strange prayers to Beogh against you.
Beogh smites you!
You die...

*,***,***,***,***,**#............
,*,*,*,*,*,*,*,*,*,*,#....([###..
*,*,*,*,*,*,*,*,*,*,#...##o..!...
********************##,,##v######
####§.######
**********############.§v........
,,,,,,,,,,,.........###§.####...#
,,,,,,,,,..###..v...###.####..###
*,*****,*#......@o..#.).##...#*
*,,,,**,*#####..vs.....()..#** *
****,,,,* ###...)..###### *
****,* ##......##########**
*,***###..####...........,,
****,.....* ##..........,,
********,..#....### #.........#**
*,,,,,,,,....#....###.........#
,,,,,,,,,...............(.....#


You could see an orc priest and a giant cockroach.

Vanquished Creatures
  An orc wizard (D:3)
  4 adders (D:2)
  4 dart slugs
  A leopard gecko (D:1)
  5 orcs (D:3)
  7 bats
  3 giant cockroaches
  5 goblins
  A hobgoblin (D:1)
  6 kobolds
  A quokka (D:2)
  2 frilled lizards
  5 rats (D:1)
45 creatures vanquished.

Vanquished Creatures (others)
  128 foxfires
128 creatures vanquished.

Grand Total: 173 creatures vanquished

Notes
Turn   | Place    | Note
-------+----------+-------------------------------------------
     0 | D:1      | Jonnyslop the Draconian Fire Elementalist began the quest
                  | for the Orb.
     0 | D:1      | Reached XP level 1. HP: 14/14 MP: 3/3
   291 | D:1      | Found a shattered altar of Ashenzari.
   306 | D:1      | Reached XP level 2. HP: 20/20 MP: 5/5
   771 | D:1      | Reached XP level 3. HP: 26/26 MP: 6/6
  1223 | D:2      | Found a faded altar of an unknown god.
  1431 | D:2      | Reached skill level 4 in Fire Magic
  1477 | D:2      | Reached XP level 4. HP: 31/33 MP: 8/8
  1482 | D:2      | Learned a level 3 spell: Conjure Flame
  1487 | D:2      | Learned a level 4 spell: Sticky Flame
  1746 | D:2      | Found a glowing silver altar of Zin.
  2239 | D:3      | HP: 1/33 [orc priest/nerve-wracking pain (11)]
  2241 | D:3      | Killed from afar by an orc priest

Illustrated notes

Levels and vault maps discovered:
D:1:      minmay_arrival_cross, layout_basic, minmay_hexomino_r4
D:2:      layout_basic, zin_treasury, chequers_ecumenical_altar_simple
D:3:      layout_rooms, first_ration, roderic_roman_lattice

Skill      XL: |  1  2  3 |
---------------+----------+-----
Spellcasting   | 3 |  3.2
Fire Magic     | 4 |  4.4
Dodging        | |  1.7
Stealth        | |  1.7
Unarmed Combat | |  0.2
Conjurations   | |  1.5

Action                   |  1- 3 |  4- 6 || total
-------------------------+-------+-------++-------
Melee: Unarmed           |     5 |       ||     5
       Tailslap          |     2 |     1 ||     3
       Short sword       |       |     5 ||     5
 Cast: Foxfire           |    57 |    26 ||    83
  Use: Scroll            |     8 |     2 ||    10
       Potion            |       |     1 ||     1
  Eat: Chunk             |     2 |     2 ||     4
Armor: Skin              |    14 |    10 ||    24
Dodge: Dodged            |    23 |    19 ||    42
